 Dungeon Crawl Stone Soup version 0.18.1-6-gd335043 (webtiles) character file.

348 mistymad the Chopper (level 6, -3/84 HPs)
             Began as a Minotaur Berserker on May 18, 2016.
             Was a Priest of Trog.
             Slain by an ogre
             ... wielding a +0 giant club
              (9 damage)
             ... on level 4 of the Dungeon.
             The game lasted 00:07:49 (2997 turns).

mistymad the Chopper (Minotaur Berserker)           Turns: 2997, Time: 00:07:50

Health: -3/84      AC:  3    Str: 26    XL:     6   Next: 33%
Magic:  5/5        EV: 13    Int:  4    God:    Trog [***...]
Gold:   215        SH:  0    Dex: 12    Spells: 0 memorised, 5 levels left

rFire  . . .     SeeInvis .     a - +0 hand axe
rCold  . . .     Gourm    .     b - +0 animal skin
rNeg   . . .     Faith    .     (no shield)
rPois  .         Spirit   .     (helmet restricted)
rElec  .         Dismiss  .     (no cloak)
rCorr  .         Reflect  .     (no gloves)
SustAt .         Harm     .     k - +0 pair of boots
MR     .....                    (no amulet)
Stlth  ..........               (no ring)
                                (no ring)

@: berserking, very quick, not resistant to hostile enchantments, extremely
unstealthy
A: retaliatory headbutt, horns 2
a: Berserk, Trog's Hand, Burn Spellbooks, Renounce Religion


You were on level 4 of the Dungeon.
You worshipped Trog.
Trog was most pleased with you.
You were not hungry.

You visited 1 branch of the dungeon, and saw 4 of its levels.

You collected 215 gold pieces.

Inventory:

Hand Weapons
 a - a +0 hand axe (weapon)
Armour
 b - a +0 animal skin (worn)
 k - a +0 pair of boots (worn)
 t - a +0 plate armour
Jewellery
 q - an uncursed amulet of magic regeneration {unknown}
Wands
 s - a wand of lightning (9/15)
 v - a wand of slowing (21/48)
Scrolls
 f - a scroll of teleportation {unknown}
 g - a scroll of magic mapping {unknown}
 i - a scroll of fog {unknown}
 l - a scroll of noise {unknown}
 n - a scroll of identify {unknown}
 o - 2 scrolls of enchant weapon {unknown}
Potions
 d - 2 potions of brilliance {unknown}
 e - a potion of lignification {unknown}
 j - 2 potions of curing {unknown}
 m - 3 potions of cancellation {unknown}
 p - a potion of haste {unknown}
 u - a potion of mutation {unknown}
 w - a potion of flight {unknown}
Comestibles
 c - 3 bread rations
 h - 6 meat rations
 r - 10 chunks of flesh


   Skills:
 + Level 5.4 Fighting
 * Level 6.1 Axes
 + Level 3.4 Armour
 + Level 3.9 Dodging
 - Level 0.3 Stealth


You had 5 spell levels left.
You didn't know any spells.

Dungeon Overview and Level Annotations

Branches:
Dungeon (4/15)
 Temple: D:4-7

Altars:
Elyvilon
Fedhas
Okawaru
Pakellas
Ru
Xom
Yredelemnul

Annotations:
D:4 Pikel


Innate Abilities, Weirdness & Mutations

You reflexively headbutt those who attack you in melee.
You have a pair of horns on your head.


Message History

You hit the slave but do no damage. The slave hits you.
The ogre hits you with a giant club!!
Ouch! That really hurt!
* * * LOW HITPOINT WARNING * * *
Unknown command.
You are too injured to fight recklessly!
You are too injured to fight recklessly!
Unknown command.
You are too injured to fight recklessly!
A red film seems to cover your vision as you go berserk!
You feel yourself moving faster!
You feel mighty!
You feel somewhat more hungry. The slave barely misses you.
You hit the ogre. Your headbutt misses the ogre.
The ogre is almost dead.
You hit the slave.
The slave is lightly wounded.
The slave hits you.
* * * LOW HITPOINT WARNING * * *
The ogre hits you with a giant club!
You die...

##.#.#######
#.###......## ######
##.#.##.....##.....
######.###......>...#
...............##...#
###................#
#.##.#####....K..#
###.##.# #####O#.#
.##<##.# #@# #
.##.##.# #p# <##)##.#
#p# .##.# .# #p#
.##.# # #.. .##.##.#
### ..รท....#
###.#### .>.#


You could see Pikel, an ogre and 3 slaves.

Vanquished Creatures
  A slave (D:4)
  An ogre (D:4)
  2 orc wizards (D:4)
  A hound (D:4)
  Robin (D:3)
  7 adders
  A gnoll (D:1)
  4 worms (D:2)
  2 dart slugs
  3 giant geckos
  2 orcs
  3 giant cockroaches
  8 goblins
  9 hobgoblins
  10 jackals
  2 quokkas
  A ball python (D:1)
  5 bats
  2 giant newts (D:1)
  9 kobolds
  8 rats
  A spectral orc (D:3)
83 creatures vanquished.

Notes
Turn   | Place    | Note
--------------------------------------------------------------
     0 | D:1      | mistymad the Minotaur Berserker began the quest for the Orb.
     0 | D:1      | Reached XP level 1. HP: 19/19 MP: 0/0
    34 | D:1      | Reached XP level 2. HP: 27/27 MP: 1/1
   342 | D:1      | Reached skill level 4 in Axes
   730 | D:1      | Reached XP level 3. HP: 33/33 MP: 2/2
   928 | D:2      | Reached ** piety under Trog
  1258 | D:2      | Reached XP level 4. HP: 34/41 MP: 3/3
  1854 | D:2      | Found an iron altar of Okawaru.
  1857 | D:2      | Reached skill level 5 in Axes
  1873 | D:2      | Found an oddly glowing altar of Pakellas.
  1885 | D:2      | Found a blossoming altar of Fedhas.
  1888 | D:2      | Found a white marble altar of Elyvilon.
  2136 | D:3      | Reached skill level 5 in Fighting
  2201 | D:3      | Found a shimmering altar of Xom.
  2307 | D:3      | Reached XP level 5. HP: 44/48 MP: 4/4
  2308 | D:3      | Reached *** piety under Trog
  2474 | D:3      | Noticed Robin
  2486 | D:3      | Killed Robin
  2594 | D:3      | Found a sacrificial altar of Ru.
  2687 | D:3      | Found a basalt altar of Yredelemnul.
  2895 | D:4      | Reached XP level 6. HP: 50/56 MP: 5/5
  2913 | D:4      | Reached skill level 6 in Axes
  2984 | D:4      | Noticed a slave
  2984 | D:4      | Noticed a slave
  2984 | D:4      | Noticed a slave
  2989 | D:4      | Noticed a slave
  2994 | D:4      | Killed a slave
  2995 | D:4      | Noticed Pikel
  2997 | D:4      | Slain by an ogre

Skill      XL: |  1  2  3  4  5  6 |
---------------+-------------------+-----
Fighting       | 4 5 |  5.4
Axes           | 4 5 6 |  6.1
Dodging        | 3 |  3.9
Armour         | 3 |  3.4
Stealth        | |  0.3

Action                   |  1- 3 |  4- 6 || total
-------------------------+-------+-------++-------
Melee: Hand axe          |    75 |   126 ||   201
       Headbutt          |     5 |    25 ||    30
Invok: Berserk           |     1 |     1 ||     2
 Stab: Distracted        |       |     1 ||     1
       Sleeping          |       |     1 ||     1
  Eat: Chunk             |     2 |     6 ||     8
Armor: Animal skin       |    20 |    15 ||    35
Dodge: Dodged            |    53 |    77 ||   130
